 Dungeon Sprint DCSS version 0.31-a0-702-gf82c85558f (webtiles) character file.

Game seed: 4425696152682509381

247 sircluck the Ruffian (level 5, -3/61 HPs)
             Began as a Troll Berserker on Sept 8, 2023.
             Was an Elder of Trog.
             Slain by a soul eater (20 damage)
             ... summoned by a kobold demonologist
             ... in the Dungeon (Sprint III: "The Ten Rune Challenge").
             The game lasted 00:00:45 (251 turns).

sircluck the Ruffian (Troll Berserker)               Turns: 251, Time: 00:00:46

Health: -3/61      AC:  4    Str: 27    XL:     5   Next: 85%
Magic:  4/4        EV: 11    Int:  3    God:    Trog [****..]
Gold:   28         SH:  0    Dex:  9    Spells: 4/4 levels left

rFire   . .          .
                       - Unarmed
rCold   . . .        (no shield)
rNeg    . . .        a - +0 animal skin
rPois   .            (helmet restricted)
rElec   .            (no cloak)
rCorr   .            (gloves unavailable)
SInv    .            (boots unavailable)
Will    .....        (no amulet)
Stlth   +            (no ring)
HPRegen 1.10/turn    (no ring)
MPRegen 0.09/turn

%: no teleportation
@: no status effects
A: large, unfitting armour, claws 3, regeneration 1, shaggy fur 1, tough skin 1
a: Renounce Religion, Berserk, Trog's Hand, Brothers in Arms


You were in the Dungeon.
You worshipped Trog.
Trog was greatly pleased with you.
You visited 1 branch You collected 28 gold pieces.

Inventory:

Armour
 a - a +0 animal skin (worn)
Wands
 n - a wand of paralysis (9)
Scrolls
 g - a scroll of blinking
 i - a scroll of immolation {unknown}
 j - 3 scrolls of identify
 m - a scroll of poison {unknown}
Potions
 b - a potion of curing
 c - a potion of heal wounds
 d - 2 potions of haste
 e - 2 potions of magic
 f - a potion of berserk rage
 h - 2 potions of mutation {unknown}
 k - 3 potions of brilliance {unknown}
 l - a potion of enlightenment {unknown}


   Skills:
 + Level 6.4 Fighting
 + Level 6.3 Dodging
 + Level 7.6 Unarmed Combat


You had 4 spell levels left.
You didn't know any spells.
Your spell library was empty.

Dungeon Overview and Level Annotations

Branches:
Dungeon (1/1)

Altars:
Dithmenos
Kikubaaqudgha
Ru
Sif Muna
Vehumet
Yredelemnul


Innate Abilities, Weirdness & Mutations

You are too large for most types of armour.
You have claws for hands.
Your natural rate of healing is unusually fast.
You are covered in fur. (AC +1)
You have tough skin. (AC +1)


Message History

You completely miss the kobold demonologist.
The kobold demonologist is heavily wounded.
The soul eater hits you!
You are too injured to fight recklessly!
You are too injured to fight recklessly!
You are too injured to fight recklessly!
You are too injured to fight recklessly!
You are too injured to fight recklessly!
You are too injured to fight recklessly!
You are too injured to fight recklessly!
You are too injured to fight recklessly!
You are too injured to fight recklessly!
You are too injured to fight recklessly!
You scratch the kobold demonologist but do no damage.
The kobold demonologist is heavily wounded.
The kobold demonologist gestures wildly while chanting.
The soul eater misses you.
You miss the kobold demonologist.
The kobold demonologist is heavily wounded.
The kobold demonologist misses you. The soul eater closely misses you.
You barely miss the kobold demonologist.
The kobold demonologist is heavily wounded.
The kobold demonologist hits you with a +0 dagger.
You closely miss the kobold demonologist.
The kobold demonologist is heavily wounded.
The soul eater draws from the surrounding life force!
The kobold demonologist closely misses you.
You miss the kobold demonologist.
The kobold demonologist is heavily wounded.
The soul eater draws from the surrounding life force!
The kobold demonologist hits you with a +0 dagger.
You miss the kobold demonologist.
The kobold demonologist is heavily wounded.
The soul eater hits you.
* * * LOW HITPOINT WARNING * * *
The kobold demonologist hits you but does no damage.
You barely miss the kobold demonologist.
The kobold demonologist is heavily wounded.
The soul eater hits you!!
You die...

#..#....♣.♣ ♣♣.# #__#
####....♣.♣ ♣..# #)_#
...#....~♣♣ ♣..###+#+###'##
...#...~~♣♣ ♣..#..........#
...#..~~~~♣♣♣..'.⌠........#
##'#..~≈≈~~~♣♣.#...######+#
...#.~~≈~~~....#.⌠.#
...#.~≈~~~.....#...#
...#.~~~†......#@###
####...........#K3$#
...............#5__#
▓▓▓▓▓▓▓▓▓▓▓▓▓▓▓▓▓▓▓▓


You could see a soul eater (summoned), a kobold demonologist and an iron imp
(summoned).

Vanquished Creatures
  A necrophage (D)
  A scorpion (D)
  A water elemental (D)
  A wizard (D)
  A necromancer (D)
  A human (D)
  2 endoplasms (D)
  2 rats (D)
10 creatures vanquished.

Notes
Turn   | Place    | Note
-------+----------+-------------------------------------------
     0 | D        | sircluck the Troll Berserker began the quest for the Orb.
     0 | D        | Reached XP level 1. HP: 22/22 MP: 0/0
    11 | D        | Reached ** piety under Trog
    37 | D        | Reached skill level 4 in Unarmed Combat
    37 | D        | Reached XP level 2. HP: 27/31 MP: 1/1
    42 | D        | Noticed a scorpion
    47 | D        | Killed a scorpion
    48 | D        | Reached skill level 5 in Unarmed Combat
    48 | D        | Reached XP level 3. HP: 40/40 MP: 2/2
    48 | D        | Reached XP level 4. HP: 49/49 MP: 3/3
    81 | D        | Noticed a water elemental
    84 | D        | Killed a water elemental
    84 | D        | Reached *** piety under Trog
    85 | D        | Reached skill level 5 in Fighting
    85 | D        | Reached skill level 5 in Dodging
    85 | D        | Reached skill level 6 in Unarmed Combat
   204 | D        | Found a basalt altar of Yredelemnul.
   204 | D        | Found a shadowy altar of Dithmenos.
   204 | D        | Found a sacrificial altar of Ru.
   204 | D        | Noticed a necrophage
   210 | D        | Killed a necrophage
   211 | D        | Reached skill level 7 in Unarmed Combat
   211 | D        | Reached XP level 5. HP: 56/59 MP: 4/4
   235 | D        | Found a radiant altar of Vehumet.
   235 | D        | Found a shimmering blue altar of Sif Muna.
   235 | D        | Found an ancient bone altar of Kikubaaqudgha.
   240 | D        | Noticed a soul eater
   240 | D        | Reached **** piety under Trog
   251 | D        | Slain by a soul eater

Illustrated notes

Levels and vault maps discovered:
D:        dungeon_sprint_mu [sprint_mu_entry_forest, sprint_mu_temple_rooms,
          sprint_mu_d1_horrors, sprint_mu_d2_genie, sprint_mu_d3_branching,
          sprint_mu_orc_legion, sprint_mu_elf_gauntlet, sprint_mu_hive_nellie,
          sprint_mu_lair_fedhas, sprint_mu_vaults_butterflies,
          sprint_mu_slime_circle, sprint_mu_swamp_cave, sprint_mu_snake_twists,
          sprint_mu_blade_basic, sprint_mu_crypt_fortress,
          sprint_mu_tomb_spiral, sprint_mu_vestibule_basic,
          sprint_mu_gehenna_hellfire, sprint_mu_dis_giant,
          sprint_mu_tartarus_statrot, sprint_mu_cocytus_islands, sprint_mu_zot1]

Skill      XL: |  1  2  3  4 |
---------------+-------------+-----
Fighting       | 3 4 6 |  6.4
Dodging        | 3 4 6 |  6.3
Unarmed Combat | 4 5 7 |  7.6

Action                     |  1- 3 |  4- 6 || total
---------------------------+-------+-------++-------
  Melee: Unarmed           |    14 |    30 ||    44
 Invoke: Berserk           |       |     1 ||     1
 Armour: Animal skin       |     8 |    20 ||    28
  Dodge: Dodged            |     5 |     9 ||    14

Table legend: (Time is in decaauts)
 A = Elapsed time spent in this place.
 B = Non-inter-level travel time spent in this place.
 C = Inter-level travel time spent in this place.
 D = Time resting spent in this place.
 E = Time spent auto-exploring this place.
 F = Levels seen in this place.
 G = Mean time per level.
                   A        B        C        D        E       F      G
               +--------+--------+--------+--------+--------+-----+--------+
         Total |    254 |    254 |      0 |    116 |     32 |   1 |  254.0 |
       Dungeon |    254 |    254 |      0 |    116 |     32 |   1 |  254.0 |
               +--------+--------+--------+--------+--------+-----+--------+

Top non-repeatable levels by time:
       D: 254 daAuts
